AoeStats
← jmicallef530

Arabia

503120251Analyzed
2v2 RM · 1mo ago on Aug 30, 2026· 32m 17s· 4 players
Game mode
Random Map
Map size
Medium (4 player)
Population
200
Speed
Normal
Resources
Standard
Victory
Conquest
Starting age
Dark Age
Ending age
Imperial Age
RankedLock teamsTeams togetherTeam positionsShared explorationLock speedFull tech treeHidden civsTurbo modeCheats
Victory
Defeat
🇯🇵 Bulgarians · Japan
721
+18
🇯🇵 Ethiopians · Japan
688
+19
🇲🇹 Tupi · Malta
788
-20
🇲🇹 Shu · Malta
740
-18
nabeat41
8:39 Loom
12:33 Feudal Age
13:49 Double-Bit Axe
14:12 Horse Collar
14:56 Stone Mining
14:58 Gold Mining
16:13 Wheelbarrow
17:35 Forging
22:01 Scale Mail Armor
21:52 Fletching
22:03 Padded Archer Armor
25:46 Castle Age
27:36 Bodkin Arrow
27:57 Leather Archer Armor
27:12 Crossbowman
27:58 Thumb Ring
28:29 Heavy Plow
MasaKing#田
1:27 Loom
12:04 Feudal Age
14:51 Scale Mail Armor
16:28 Double-Bit Axe
17:08 Forging
25:48 Castle Age
24:45 Stone Mining
25:34 Fletching
25:51 Scale Barding Armor
25:59 Gold Mining
27:55 Iron Casting
27:42 Husbandry
28:35 Bow Saw
28:08 Horse Collar
29:35 Chain Barding Armor
30:13 Gold Shaft Mining
31:03 Wheelbarrow
31:04 Squires
jmicallef530
1:17 Loom
12:27 Feudal Age
13:01 Double-Bit Axe
14:04 Stone Mining
22:17 Padded Archer Armor
22:08 Fletching
22:20 Scale Mail Armor
22:31 Forging
22:55 Horse Collar
27:08 Arson
29:29 Castle Age
27:55 Gold Mining
Dtox
10:11 Feudal Age
9:34 Loom
10:54 Champi Runner
16:50 Horse Collar
20:00 Scale Mail Armor
20:11 Forging
20:22 Double-Bit Axe
21:20 Gold Mining
21:23 Stone Mining
21:59 Gold Mining
29:58 Castle Age
Connection lost

Rejoining the realm…

Still unreachable

The connection could not be restored.

Session expired

The server has moved on; the page needs a fresh start.